 Dungeon Crawl Stone Soup version 0.29.1-15-g9cfb28693d (webtiles) character file.

Game seed: 9066921131430679948

10721 tizbic2 the Thaumaturge (level 11, -2/86 HPs)
             Began as a Demonspawn Conjurer on Apr 27, 2023.
             Was an Elder of Vehumet.
             Slain by an orc knight
             ... wielding a +0 battleaxe
              (17 damage)
             ... on level 10 of the Dungeon on Apr 29, 2023.
             The game lasted 00:57:35 (11655 turns).

tizbic2 the Thaumaturge (Demonspawn Conjurer)      Turns: 11655, Time: 00:57:37

Health: -2/86      AC: 14    Str: 12    XL:     11   Next: 39%
Magic:  22/23      EV:  9    Int: 20    God:    Vehumet [****..]
Gold:   1596       SH: 10    Dex: 17    Spells: 16/27 levels left

rFire   . . .      SeeInvis .   k - +2 whip (distort)
rCold   . . .      Faith    .   K - +0 kite shield
rNeg    + . .      Spirit   .   G - +0 ring mail
rPois   .          Reflect  .   C - +2 helmet
rElec   .          Harm     .   H - +0 cloak
rCorr   .          Rampage  .   P - +0 pair of gloves
Will    .....                   V - +2 pair of boots
Stlth   +++++.....              B - amulet of magic regeneration
HPRegen 0.24/turn               x - ring of flight
MPRegen 0.58/turn               A - ring of positive energy

@: flying
A: thin skeletal structure 3, demonic guardian 2, weakness stinger 1
a: Renounce Religion


You were on level 10 of the Dungeon.
You worshipped Vehumet.
Vehumet was greatly pleased with you.
You visited 2 branches of the dungeon, and saw 11 of its levels.
You also visited: Ossuary.

You collected 1596 gold pieces.

Inventory:

Hand Weapons
 k - a +2 whip of distortion (weapon)
 o - a +1 morningstar of protection
 q - a +0 war axe
Missiles
 e - 25 poisoned darts
 j - 2 silver boomerangs
 Q - a boomerang of dispersal
Armour
 a - a +2 robe of cold resistance
 C - a +2 helmet (worn)
 G - a +0 ring mail (worn)
 H - a +0 cloak (worn)
 K - a +0 kite shield (worn)
 P - a +0 pair of gloves (worn)
 V - a +2 pair of boots (worn)
 Z - a +2 chain mail of fire resistance
Magical Staves
 n - a staff of death
Jewellery
 f - an amulet of guardian spirit
 g - a ring of fire
 x - a ring of flight (left hand)
 A - a ring of positive energy (right hand)
 B - an amulet of magic regeneration (around neck)
 J - a ring of magical power
 W - an amulet of regeneration
 Y - a ring of ice
Wands
 m - a wand of flame (10)
 D - a wand of paralysis (31)
 O - a wand of roots (7)
 X - a wand of mindburst (11)
Scrolls
 c - a scroll of blinking
 d - 2 scrolls of immolation
 s - 6 scrolls of teleportation
 t - a scroll of summoning
 u - a scroll of enchant weapon {unknown}
 y - a scroll of brand weapon {unknown}
 z - 2 scrolls of fear
 F - 4 scrolls of fog {unknown}
 L - a scroll of magic mapping {unknown}
Potions
 b - 2 potions of magic
 h - 6 potions of might
 i - a potion of resistance {unknown}
 l - 5 potions of haste
 p - 2 potions of brilliance
 r - 3 potions of curing
 v - 3 potions of attraction
 w - 2 potions of flight {unknown}
 M - 2 potions of lignification {unknown}
 N - a potion of cancellation {unknown}
 R - a potion of ambrosia
 S - a potion of invisibility {unknown}
 T - a potion of mutation {unknown}
 U - 2 potions of berserk rage {unknown}
Miscellaneous
 I - a piece from Xom's chessboard (15/15)


   Skills:
 + Level 8.2 Fighting
 - Level 5.5 Maces & Flails
 - Level 2.6 Armour
 - Level 1.7 Dodging
 - Level 3.0 Stealth
 + Level 5.6 Shields
 * Level 8.7 Spellcasting
 + Level 8.0 Conjurations
 + Level 1.2 Air Magic
 + Level 1.5 Earth Magic
 + Level 1.3 Poison Magic
 - Level 6.1 Invocations


You had 16 spell levels left.
You knew the following spells:

 Your Spells              Type           Power      Damage    Failure   Level
a - Magic Dart            Conj           100%       1d8       1%          1
b - Searing Ray           Conj           80%        2d7       1%          2
c - Foxfire               Conj/Fire      96%        2x1d8     2%          1
e - Stone Arrow           Conj/Erth      54%        3d10      5%          3
f - Olgreb's Toxic Radia  Pois           14%        N/A       54%         4

Your spell library contained the following spells:

 Spells                   Type           Power      Damage    Failure   Level
 Static Discharge         Conj/Air       27%        3-7/arc   3%          2
 Sandblast                Erth           28%        2d8       7%          1
 Dazzling Flash           Conj/Hex       48%        N/A       8%          3
 Mephitic Cloud           Conj/Pois/Air  22%        N/A       10%         3
 Freeze                   Ice            32%        1d5       13%         1
 Fulminant Prism          Conj/Hex       12%        3d9       24%         4
 Hailstorm                Conj/Ice       24%        3d7       24%         4
 Iskenderun's Mystic Bla  Conj/Tloc      24%        2d7       24%         4
 Frozen Ramparts          Ice            16%        1d3       34%         3
 Lightning Bolt           Conj/Air       13%        1d27      45%         5
 Passwall                 Tmut/Erth      9%         N/A       47%         2
 Airstrike                Air            6%         2d(1-17)  56%         4
 Call Imp                 Summ           8%         N/A       58%         2
 Animate Armour           Summ/Erth      22%        N/A       98%         4
 Summon Lightning Spire   Summ/Air       11%        N/A       98%         4
 Agony                    Necr           8%         N/A       100%        5
 Silence                  Hex/Air        5%         N/A       100%        5
 Lehudib's Crystal Spear  Conj/Erth      13%        10d5      100%        8


Dungeon Overview and Level Annotations

Branches:
Dungeon (10/15)            Temple (1/1) D:6            Lair (0/5) D:8
Ossuary (visited)
    Orc: D:9-12

Altars:
Ashenzari
Cheibriados
Dithmenos
Fedhas
Gozag
Hepliaklqana
Kikubaaqudgha
Makhleb
Nemelex Xobeh
Okawaru
Qazlal
Ru
Sif Muna
Trog
Uskayaw
Vehumet
Wu Jian
Xom
Yredelemnul

Portals:
Trove: D:10 (give +2 storm dragon scales)

Annotations:
D:8 Erica
Abyss:1 Crazy Yiuf


Innate Abilities, Weirdness & Mutations

You have an unnaturally thin skeletal structure. (Dex +6, Stealth+++)
A demonic guardian rushes to your aid.
You have a small tail.


Message History

The searing ray hits the orc knight.
The orc knight is lightly wounded. (Press . to maintain the ray.)
The searing ray hits the orc knight but does no damage.
The orc knight is lightly wounded.
The searing ray misses the orc knight.
The orc knight hits you with a +0 battleaxe!
The searing ray hits the orc knight.
The orc knight is lightly wounded.
You finish channelling your searing ray.
The orc knight hits you with a +0 battleaxe!
A demonic guardian appears!
The orc knight hits you with a +0 battleaxe.
You hit the orc knight but do no damage.
Space warps horribly around the orc knight.
The orc knight is moderately wounded.
The orc knight hits you with a +0 battleaxe!
The orc knight closely misses your ice devil.
Your ice devil completely misses the orc knight.
You feel better. You block the orc knight's attack.
The orc knight hits your ice devil with a +0 battleaxe!
Your ice devil hits the orc knight!
Your ice devil freezes the orc knight!
You hit the orc knight but do no damage.
Space warps horribly around the orc knight.
The orc knight is severely wounded.
The orc knight hits you with a +0 battleaxe!!
* * * LOW HITPOINT WARNING * * *
The orc knight barely misses your ice devil.
Your ice devil barely misses the orc knight.
Your ice devil barely misses the orc knight.
Okay, then.
Casting: Searing Ray (safe; 1% risk of failure)
Confirm with . or Enter, or press ? or * to list all spells.
Aiming: Magic Dart (safe; 1% risk of failure)
Press: ? - help, Shift-Dir - straight line, f/p - orc knight
Aim: an orc knight, wielding a +0 battleaxe and wearing a +0 chain mail (severely wounded, poisoned, ally target, 100% to hit)
The magic dart hits the orc knight but does no damage.
The orc knight is severely wounded.
The orc knight hits you with a +0 battleaxe!
You die...

#....#......####....##....
#....'...............>..#.
#....#.####.##########..#.
###'##.# #.##########..#.
#.?..# #.............#.
###.#### #############.##
###...# ####### #.#
#...### #.....# #.# #.###
#..@o4# #######'##
#..######'###'# #........)
#..#...#.).##.# #.........
#..))รท.#.).##.#
#......... #..#.).#...##(#
######...# ##.#...#...##.#
#...= #.+...#...##(# #....
#.#..)'...##.# #....
#.######### #....


You could see an orc knight (poisoned, ally target) and a friendly ice devil
(summoned).

Vanquished Creatures
  Fannar (D:10)
  A two-headed ogre (D:9)
  An unseen horror (D:10)
  Psyche (D:8)
  Prince Ribbit (D:8)
  21 yaks
  2 steam dragons
  3 water moccasins (D:5)
  4 orc warriors
  An ice beast (D:7)
  2 black bears
  5 ogres
  5 centaurs
  2 lemures (D:4)
  3 kobold brigands
  Blork the orc (D:4)
  6 bullfrogs
  2 necrophages (D:6)
  4 scorpions
  A gnoll sergeant (D:5)
  6 water moccasin zombies (Ossuary)
  2 wights (D:10)
  5 killer bees (D:9)
  A howler monkey (D:8)
  4 orc priests
  3 hounds
  3 jellies
  6 iguanas
  10 orc wizards
  2 mummies (Ossuary)
  13 gnolls
  8 adders
  3 shadow imps
  7 adder zombies (Ossuary)
  2 worms
  5 dart slugs
  23 orcs
  6 ball pythons
  3 endoplasms
  A giant cockroach (D:1)
  4 gnoll zombies (Ossuary)
  2 goblins (D:3)
  6 hobgoblins
  9 jackals
  17 kobolds
  A quokka (D:3)
  5 bats
  2 frilled lizards
  6 hobgoblin zombies (Ossuary)
  4 kobold zombies (Ossuary)
  4 orc zombies (Ossuary)
  10 rats
  A butterfly (D:10)
251 creatures vanquished.

Vanquished Creatures (collateral kills)
  Pikel (D:4)
  3 yaks
  A phantom (D:4)
  2 lemures (D:4)
  2 iguanas
  3 orcs (D:10)
  A hobgoblin (D:10)
  A butterfly (D:10)
14 creatures vanquished.

Vanquished Creatures (others)
  55 foxfires
  8 fungi (D:3)
  5 toadstools (D:3)
68 creatures vanquished.

Grand Total: 333 creatures vanquished

Notes
Turn   | Place    | Note
-------+----------+-------------------------------------------
     0 | D:1      | tizbic2 the Demonspawn Conjurer began the quest for the
                  | Orb.
     0 | D:1      | Reached XP level 1. HP: 13/13 MP: 3/3
    29 | D:1      | Found a faded altar of an unknown god.
   416 | D:1      | Reached skill level 1 in Invocations
   786 | D:1      | Gained mutation: You have a somewhat thin skeletal
                  | structure. (Dex +2, Stealth+) [demonic ancestry]
   786 | D:1      | Reached XP level 2. HP: 20/20 MP: 1/5
   921 | D:2      | Reached skill level 1 in Fighting
  1151 | D:2      | Gained mutation: You have a moderately thin skeletal
                  | structure. (Dex +4, Stealth++) [demonic ancestry]
  1151 | D:2      | Reached XP level 3. HP: 26/26 MP: 6/6
  1491 | D:2      | Found a runed translucent door.
  1492 | D:2      | Noticed Crazy Yiuf
  1500 | D:2      | Banished Crazy Yiuf
  1501 | D:2      | Gained mutation: You have a small tail. [demonic ancestry]
  1501 | D:2      | Reached XP level 4. HP: 23/33 MP: 7/7
  2561 | D:3      | Gained mutation: A weak demonic guardian rushes to your
                  | aid. [demonic ancestry]
  2561 | D:3      | Reached XP level 5. HP: 33/39 MP: 8/8
  2575 | D:3      | Learned a level 2 spell: Searing Ray
  2881 | D:4      | Noticed a phantom
  2897 | D:4      | Killed a phantom
  2977 | D:4      | Gained mutation: A demonic guardian rushes to your aid.
                  | [demonic ancestry]
  2977 | D:4      | Reached XP level 6. HP: 47/47 MP: 6/10
  3187 | D:4      | Noticed Blork the orc
  3195 | D:4      | Killed Blork the orc
  3196 | D:4      | Reached skill level 1 in Maces & Flails
  3330 | D:4      | Noticed Pikel
  3363 | D:4      | Paralysed by Pikel for 5 turns
  3366 | D:4      | Killed Pikel
  3367 | D:4      | Reached skill level 5 in Conjurations
  3367 | D:4      | Reached skill level 5 in Invocations
  3367 | D:4      | Gained mutation: You have an unnaturally thin skeletal
                  | structure. (Dex +6, Stealth+++) [demonic ancestry]
  3367 | D:4      | Reached XP level 7. HP: 47/54 MP: 7/12
  3866 | D:5      | Entered Level 5 of the Dungeon
  3927 | D:5      | Reached XP level 8. HP: 61/61 MP: 5/13
  4043 | D:5      | Found a hide-covered altar of Uskayaw.
  4125 | D:5      | Reached skill level 5 in Fighting
  4125 | D:5      | Reached skill level 1 in Armour
  4224 | D:5      | Found a shadowy altar of Dithmenos.
  4786 | D:5      | Reached skill level 5 in Spellcasting
  5092 | D:5      | Reached XP level 9. HP: 34/69 MP: 5/17
  5527 | D:6      | Found a staircase to the Ecumenical Temple.
  5534 | Temple   | Entered the Ecumenical Temple
  5593 | Temple   | Became a worshipper of Vehumet
  6023 | D:6      | Noticed a moth of wrath
  6033 | D:6      | Reached * piety under Vehumet
  6033 | D:6      | Offered knowledge of Foxfire by Vehumet.
  6036 | D:6      | Learned a level 1 spell: Foxfire
  6038 | D:6      | Found a bloodstained altar of Trog.
  6474 | D:7      | Found a sand-covered staircase.
  6479 | Ossuary  | Entered an ossuary
  6510 | Ossuary  | Reached skill level 1 in Shields
  6550 | Ossuary  | Offered knowledge of Static Discharge by Vehumet.
  6553 | Ossuary  | Reached ** piety under Vehumet
  6753 | D:7      | Identified a scroll of acquirement
  6753 | D:7      | Acquired 960 gold pieces
  7208 | D:8      | Noticed Psyche
  7215 | D:8      | Killed Psyche
  7216 | D:8      | Reached XP level 10. HP: 70/79 MP: 15/20
  7449 | D:8      | Learned a level 2 spell: Static Discharge
  7493 | D:8      | Noticed Erica
  7907 | D:8      | Noticed Prince Ribbit
  7923 | D:8      | Killed Prince Ribbit
  8051 | D:8      | Offered knowledge of Scorch by Vehumet.
  8395 | D:8      | Found an ornate altar of the Wu Jian Council.
  8464 | D:8      | Found a staircase to the Lair.
  8501 | D:9      | Learned a level 3 spell: Stone Arrow
  8564 | D:9      | Reached skill level 5 in Maces & Flails
  8831 | D:9      | Reached *** piety under Vehumet
  9454 | D:9      | Offered knowledge of Olgreb's Toxic Radiance by Vehumet.
  9689 | D:8      | Learned a level 4 spell: Olgreb's Toxic Radiance
  9719 | D:9      | Reached skill level 5 in Shields
 10119 | D:9      | Noticed a two-headed ogre
 10130 | D:9      | Killed a two-headed ogre
 10131 | D:9      | Reached XP level 11. HP: 66/86 MP: 21/23
 10361 | D:10     | Entered Level 10 of the Dungeon
 10629 | D:10     | Found a portal to a secret trove of treasure.
 10787 | D:10     | Reached skill level 1 in Earth Magic
 10989 | D:10     | Noticed Fannar
 11024 | D:10     | Killed Fannar
 11025 | D:10     | Reached skill level 1 in Air Magic
 11025 | D:10     | Reached skill level 1 in Poison Magic
 11259 | D:10     | Found a shimmering altar of Xom.
 11308 | D:10     | Found a broken altar of Ashenzari.
 11312 | D:10     | Found a sparkling altar of Nemelex Xobeh.
 11315 | D:10     | Found an opulent altar of Gozag.
 11401 | D:10     | Reached **** piety under Vehumet
 11643 | D:10     | Noticed an orc knight
 11655 | D:10     | Slain by an orc knight

Illustrated notes

Levels and vault maps discovered:
D:1:      scummos_arrival_hexagon, layout_basic,
          hellmonk_ecumenical_altar_lost_god
D:2:      layout_basic, uniq_crazy_yiuf_cottage
D:3:      layout_rooms, minmay_gold_behind_fungi, serial_park_tiny_1
D:4:      layout_loops_ring, serial_co_window_serial,
          co_window_of_opportunity_a, co_window_of_opportunity_a,
          co_window_of_opportunity_a, co_window_corner_a, co_window_corner_a,
          co_window_corner_a, co_window_corner_a, co_window_paths_c,
          co_window_2corner, co_window_paths_c, co_window_paths_c,
          co_window_corner_cb, co_window_paths_e, co_window_4corner_a,
          glass_columns_a, glass_columns_b, uniq_blork_the_orc, uniq_pikel
D:5:      layout_layer_cave, mainiacjoe_overflow_surrounded_room,
          nicolae_uskayaw_dance_hall, kennysheep_minor_cross
D:6:      layout_rooms, tgw_trog, minmay_temple_entry_nine_rooms,
          corexii_item_surrounded_by_moat
D:7:      layout_loops_ring, enter_ossuary_5, kennysheep_donut
D:8:      layout_loops_corners, pdpol_wu_jian_five_deadly_venoms,
          lair_entry_dummy, corexii_corridor_pit, uniq_psyche, uniq_erica,
          uniq_prince_ribbit1
D:9:      layout_cave_pools, lemuel_doored_altar
D:10:     cheibrodos_orc_bank, layout_basic, xom_butterflies,
          grunt_temple_overflow_diamond, nicolae_trove_entry_free_sample,
          uniq_fannar
Temple:   cyrus_circular_temple

Skill      XL: |  1  2  3  4  5  6  7  8  9 10 11 |
---------------+----------------------------------+-----
Invocations    | 1 2 3 4 5 6 |  6.1
Fighting       | 1 2 3 4 6 7 8 |  8.2
Maces & Flails | 2 3 4 5 |  5.5
Spellcasting   | 3 5 6 8 |  8.7
Conjurations   | 5 6 7 8 |  8.0
Armour         | 2 |  2.6
Stealth        | 3 |  3.0
Shields        | 2 5 |  5.6
Earth Magic    | 1 |  1.5
Air Magic      | 1 |  1.2
Poison Magic   | 1 |  1.3
Dodging        | |  1.7

Action                   |  1- 3 |  4- 6 |  7- 9 | 10-12 || total
-------------------------+-------+-------+-------+-------++-------
Melee: Short sword       |    10 |       |       |       ||    10
       Whip              |    47 |    68 |    17 |    50 ||   182
       Unarmed           |     4 |       |       |       ||     4
       Punch             |     1 |       |     1 |     1 ||     3
       Tailslap          |       |     4 |     1 |     8 ||    13
Throw: Dart              |       |       |       |     2 ||     2
 Cast: Magic Dart        |    13 |    10 |    89 |    57 ||   169
       Searing Ray       |       |    16 |    85 |    72 ||   173
       Foxfire           |       |       |    14 |    19 ||    33
       Stone Arrow       |       |       |       |     7 ||     7
       Olgreb's Toxic Ra |       |       |       |     1 ||     1
  Use: Potion            |     2 |       |       |     4 ||     6
       Scroll            |     1 |     4 |     8 |     6 ||    19
 Stab: Sleeping          |     6 |    11 |     1 |     2 ||    20
Armor: Robe              |     6 |     3 |       |       ||     9
       Scale mail        |    19 |    12 |       |       ||    31
       Ring mail         |       |     6 |    45 |    66 ||   117
Dodge: Dodged            |    28 |    43 |    74 |    80 ||   225
Block: Kite shield       |       |       |       |    31 ||    31
